Jets vs Bruins
Created - April 18, 2023 at 20:31
Goals
|
| Jets |
1 |
3 |
1 |
5 |
| Bruins |
0 |
1 |
1 |
2 |
|
Shots
|
| Jets |
4 |
16 |
13 |
33 |
| Bruins |
6 |
13 |
16 |
35 |
|
1st period
1. Jets , Dougie Hamilton 5 (Viktor Arvidsson 28, Tyler Seguin 46) at 6:50
Penalties :
Zack Kassian (Bos) for Hooking (Minor) at 7:14
2nd period
2. Jets , Alex Galchenyuk 36 (Ryan Johansen 53, Tyler Toffoli 28) at 8:21 (PP)
3. Jets , Ryan Johansen 36 (Alex Galchenyuk 33, Tyler Toffoli 29) at 14:35
4. Bruins , Zack Kassian 38 (Madison Bowey 9) at 15:40
5. Jets , Tyler Toffoli 27 (Ryan Johansen 54) at 19:44
Penalties :
Brendan Smith (Bos) for Tripping (Minor) at 8:13
3rd period
6. Bruins , Madison Bowey 1 (Gabriel Landeskog 29, Victor Oreskovich 15) at 13:19
7. Jets , Anthony Mantha 9 (Marco Scandella 15) at 17:33
Penalties :
Jussi Jokinen (Win) for Holding (Minor) at 2:58, Brent Burns (Win) for High sticking (Minor) at 8:25, Troy Stetcher (Win) for Hooking (Minor) at 19:52
Goalie Stats
Jacob Markstrom (Win), 33 saves from 35 shots - (0.943), W, 34-18-5, 60:00 minutes
Keith Kinkaid (Bos), 28 saves from 33 shots - (0.848), L, 3-3-0, 60:00 minutes
Players Stats for Jets
Player Name G A P +/- PIM S H SB GA TA FO MP PP MP PK MP
------------------------------------------------------------------------------------
Adam Larsson 0 0 0 0 0 1 1 1 1 0 0/0 19:01 0:00 1:19
Alex Galchenyuk 1 1 2 2 0 6 2 0 1 0 0/0 18:40 1:09 0:43
Alexander Wennberg 0 0 0 1 0 1 3 0 0 0 4/7 11:54 0:05 0:00
Anthony Mantha 1 0 1 1 0 1 1 1 1 0 0/0 14:10 0:05 2:16
Brent Burns 0 0 0 1 2 0 2 1 1 0 0/0 18:14 0:45 0:00
Dougie Hamilton 1 0 1 1 0 2 0 2 2 0 0/0 22:54 1:22 1:19
Frank Vatrano 0 0 0 -1 0 2 2 0 0 0 1/1 9:36 0:00 1:06
Jussi Jokinen 0 0 0 1 2 0 0 0 2 0 0/0 12:01 0:00 0:00
Marco Scandella 0 1 1 0 0 0 2 0 0 1 0/0 19:29 0:00 2:46
Max Domi 0 0 0 0 0 2 1 0 0 0 2/2 17:34 0:53 0:00
Noel Acciari 0 0 0 -1 0 2 2 0 0 0 0/2 9:36 0:00 1:06
Ryan Johansen 1 2 3 2 0 1 3 0 0 1 13/25 18:40 1:09 0:43
Ryan Murray 0 0 0 1 0 3 2 2 0 1 0/0 22:49 0:45 2:46
Sam Reinhart 0 0 0 -1 0 1 0 0 0 0 0/0 8:12 0:05 0:00
Troy Stetcher 0 0 0 1 2 1 1 2 0 0 0/0 18:09 1:22 0:00
Tyler Seguin 0 1 1 0 0 3 3 3 1 1 15/23 19:50 0:53 2:16
Tyler Toffoli 1 2 3 2 0 5 0 0 0 0 2/5 17:29 1:09 0:00
Viktor Arvidsson 0 1 1 0 0 2 1 0 1 0 0/2 17:34 0:53 0:00
Players Stats for Bruins
Player Name G A P +/- PIM S H SB GA TA FO MP PP MP PK MP
------------------------------------------------------------------------------------
Adam Pelech 0 0 0 -1 0 0 0 0 0 0 0/0 4:20 0:00 0:00
Alex Petrovic 0 0 0 0 0 1 1 1 0 0 0/0 12:28 0:00 0:08
Brendan Smith 0 0 0 -2 2 2 1 2 0 0 0/0 23:22 2:29 0:59
Casey Cizikas 0 0 0 0 0 3 0 0 1 0 3/10 14:06 0:06 0:54
David Booth 0 0 0 0 0 0 0 0 0 0 0/0 14:16 0:14 0:40
Gabriel Landeskog 0 1 1 -2 0 3 0 0 0 0 0/0 19:04 1:37 0:24
Jason Demers 0 0 0 -3 0 4 1 2 1 1 0/0 27:24 2:29 1:07
Jonathan Toews 0 0 0 0 0 3 3 0 0 0 18/37 20:50 2:22 0:24
Josh Manson 0 0 0 0 0 2 0 0 0 0 0/0 12:20 0:00 0:00
Kevin Hayes 0 0 0 -2 0 1 1 0 0 1 6/15 18:22 1:37 0:00
Madison Bowey 1 1 2 1 0 1 0 3 0 4 0/0 20:16 1:36 1:00
Matt Read 0 0 0 0 0 2 0 1 1 0 0/0 13:28 0:06 0:00
Mikael Backlund 0 0 0 0 0 0 1 0 0 0 2/3 6:34 0:00 0:41
Taylor Beck 0 0 0 0 0 0 0 0 0 0 0/0 5:53 0:00 0:00
Torey Krug 0 0 0 1 0 0 0 0 0 1 0/0 20:16 1:36 1:00
Victor Oreskovich 0 1 1 -2 0 2 1 0 0 1 0/0 18:22 1:37 0:00
Wojtek Wolski 0 0 0 0 0 5 5 0 0 2 0/0 21:11 2:22 1:03
Zack Kassian 1 0 1 0 2 6 0 0 1 0 1/2 25:19 2:14 0:08
3 Stars
1 - Ryan Johansen (Win)
2 - Tyler Toffoli (Win)
3 - Alex Galchenyuk (Win)
Power Play
Jets - 1 on 2 Attempt(s) - 50.00%
Bruins - 0 on 3 Attempt(s) - 0.00%
Penalty Kill
Jets - 3 on 3 Attempt(s) - 100.00%
- Score 0 goal in Penalty Kill
Bruins - 1 on 2 Attempt(s) - 50.00%
- Score 0 goal in Penalty Kill
Team Stat
Jets - Hits : 26 - Faceoff Wins : 37 - Blocked Shots : 12 - Penalty Minutes : 6
Bruins - Hits : 14 - Faceoff Wins : 30 - Blocked Shots : 9 - Penalty Minutes : 4
Official
Referees : Trevor Hanson and Graham Skilliter
Linesman : Ryan Gibbons and Devin Berg
Game Notes
No Game Note
Finance
Level 1 -- Attendance: 6000 (100.00%) -- Ticket Income $600,000
Level 2 -- Attendance: 4545 (90.90%) -- Ticket Income $272,700
Level 3 -- Attendance: 2000 (100.00%) -- Ticket Income $70,000
Level 4 -- Attendance: 3754 (93.85%) -- Ticket Income $93,850
Luxury Box -- Attendance: 1000 (100.00%) -- Ticket Income $200,000
Game was played at the TD Garden.
Total Attendance: 17299 (96.11%)
Total Ticket Income: $1,236,550
Other Income: $185,482
Total Income: $1,422,032
Jets
5 vs 5 Forward
Center Left Wing Right Wing Time % Phy DF OF
1 Ryan Johansen Alex Galchenyuk Tyler Toffoli 35 1 2 2
2 Tyler Seguin Max Domi Viktor Arvidsson 35 1 2 2
3 Alexander Wennberg Jussi Jokinen Anthony Mantha 20 1 2 2
4 Noel Acciari Frank Vatrano Sam Reinhart 10 1 2 2
5 vs 5 Defense
Defense Defense Time % Phy DF OF
1 Ryan Murray Dougie Hamilton 38 1 2 2
2 Adam Larsson Marco Scandella 31 1 2 2
3 Brent Burns Troy Stetcher 31 1 2 2
4 Ryan Murray Adam Larsson 0 1 2 2
PowerPlay Forward
Center Left Wing Right Wing Time % Phy DF OF
1 Ryan Johansen Alex Galchenyuk Tyler Toffoli 55 1 0 4
2 Tyler Seguin Max Domi Viktor Arvidsson 45 1 0 4
PowerPlay Defense
Defense Defense Time % Phy DF OF
1 Troy Stetcher Dougie Hamilton 60 0 1 4
2 Brent Burns Ryan Murray 40 0 1 4
Penalty Kill 4 Players Forward
Center Wing Time % Phy DF OF
1 Tyler Seguin Anthony Mantha 60 1 2 2
2 Noel Acciari Frank Vatrano 40 1 2 2
Penalty Kill 4 Players Defense
Defense Defense Time % Phy DF OF
1 Ryan Murray Marco Scandella 60 1 3 1
2 Dougie Hamilton Adam Larsson 40 1 3 1
Penalty Kill - 3 Players Forward
Forward Time % Phy DF OF
1 Ryan Johansen 60 0 4 1
2 Tyler Seguin 40 0 4 1
Penalty Kill - 3 Players Defense
Defense Defense Time % Phy DF OF
1 Ryan Murray Marco Scandella 60 1 4 0
2 Adam Larsson Dougie Hamilton 40 1 4 0
4 vs 4 Forward
Center Wing Time % Phy DF OF
1 Ryan Johansen Alex Galchenyuk 60 1 2 2
2 Tyler Seguin Max Domi 40 1 2 2
4 vs 4 Defense
Defense Defense Time % Phy DF OF
1 Adam Larsson Marco Scandella 60 1 2 2
2 Dougie Hamilton Ryan Murray 40 1 2 2
Last Minutes Offensive
Center Left Wing Right Wing Defense Defense
Ryan Johansen Alex Galchenyuk Tyler Toffoli Dougie Hamilton Marco Scandella
Last Minutes Defensive
Center Left Wing Right Wing Defense Defense
Ryan Johansen Frank Vatrano Tyler Toffoli Ryan Murray Marco Scandella
Goaltenders
Starting : Jacob Markstrom
Backup : Elvis Merzlikins
Extra Forwards
Normal : Viktor Arvidsson, Max Domi, Sam Reinhart - PP : Alexander Wennberg, Anthony Mantha - PK : Ryan Johansen
Extra Defensemen
Normal : Dougie Hamilton, Adam Larsson, Marco Scandella - PP : Brent Burns - PK : Brent Burns, Marco Scandella
Penalty Shots
Viktor Arvidsson, Alex Galchenyuk, Ryan Johansen, Tyler Seguin, Anthony Mantha
Scratches
None
Bruins
5 vs 5 Forward
Center Left Wing Right Wing Time % Phy DF OF
1 Jonathan Toews Wojtek Wolski Zack Kassian 40 1 2 2
2 Kevin Hayes Gabriel Landeskog Victor Oreskovich 30 1 2 2
3 Casey Cizikas David Booth Matt Read 20 1 2 2
4 Mikael Backlund Taylor Beck Zack Kassian 10 1 2 2
5 vs 5 Defense
Defense Defense Time % Phy DF OF
1 Jason Demers Brendan Smith 40 1 2 2
2 Torey Krug Madison Bowey 30 1 2 2
3 Josh Manson Alex Petrovic 20 1 2 2
4 Adam Pelech Jason Demers 10 1 2 2
PowerPlay Forward
Center Left Wing Right Wing Time % Phy DF OF
1 Jonathan Toews Wojtek Wolski Zack Kassian 60 1 2 2
2 Kevin Hayes Gabriel Landeskog Victor Oreskovich 40 1 2 2
PowerPlay Defense
Defense Defense Time % Phy DF OF
1 Jason Demers Brendan Smith 60 1 2 2
2 Torey Krug Madison Bowey 40 1 2 2
Penalty Kill 4 Players Forward
Center Wing Time % Phy DF OF
1 Zack Kassian Wojtek Wolski 60 1 2 2
2 Gabriel Landeskog Jonathan Toews 40 1 2 2
Penalty Kill 4 Players Defense
Defense Defense Time % Phy DF OF
1 Jason Demers Brendan Smith 60 1 2 2
2 Torey Krug Madison Bowey 40 1 2 2
Penalty Kill - 3 Players Forward
Forward Time % Phy DF OF
1 Zack Kassian 60 1 2 2
2 Wojtek Wolski 40 1 2 2
Penalty Kill - 3 Players Defense
Defense Defense Time % Phy DF OF
1 Jason Demers Brendan Smith 60 1 2 2
2 Torey Krug Madison Bowey 40 1 2 2
4 vs 4 Forward
Center Wing Time % Phy DF OF
1 Zack Kassian Wojtek Wolski 60 1 2 2
2 Gabriel Landeskog Jonathan Toews 40 1 2 2
4 vs 4 Defense
Defense Defense Time % Phy DF OF
1 Jason Demers Brendan Smith 60 1 2 2
2 Torey Krug Madison Bowey 40 1 2 2
Last Minutes Offensive
Center Left Wing Right Wing Defense Defense
Jonathan Toews Wojtek Wolski Zack Kassian Jason Demers Brendan Smith
Last Minutes Defensive
Center Left Wing Right Wing Defense Defense
Jonathan Toews Wojtek Wolski Zack Kassian Jason Demers Brendan Smith
Goaltenders
Starting : Keith Kinkaid
Backup : Kevin Poulin
Extra Forwards
Normal : David Booth, Casey Cizikas, Mikael Backlund - PP : David Booth, Casey Cizikas - PK : Mikael Backlund
Extra Defensemen
Normal : Josh Manson, Alex Petrovic, Adam Pelech - PP : Josh Manson - PK : Alex Petrovic, Adam Pelech
Penalty Shots
Zack Kassian, Wojtek Wolski, Gabriel Landeskog, Jonathan Toews, David Booth
Scratches
Andreas Athanasiou (Healthy)
% Time on Ice - Jets
Lines # - Real PCT - Wanted PCT - Time Play
Normal Forward
1 - 32% - 35% - 17:03
2 - 32% - 35% - 17:19
3 - 21% - 20% - 11:34
4 - 15% - 10% - 7:52
Normal Defense
1 - 36% - 38% - 19:32
2 - 32% - 31% - 17:28
3 - 31% - 31% - 16:48
4 - 0% - 0% - 0:00
PP Forward
1 - 58% - 55% - 1:14
2 - 42% - 45% - 0:53
PP Defense
1 - 65% - 60% - 1:22
2 - 35% - 40% - 0:45
PK Forward
1 - 73% - 60% - 2:59
2 - 27% - 40% - 1:06
PK Defense
1 - 68% - 60% - 2:46
2 - 32% - 40% - 1:19
PK3 Forward
1 - 0% - 60%
2 - 0% - 40%
PK3 Defense
1 - 0% - 60%
2 - 0% - 40%
44 Forward
1 - 0% - 60%
2 - 0% - 40%
44 Defense
1 - 0% - 60%
2 - 0% - 40%
Last Minute Offensive - 0:00
Last Minute Defensive - 0:00
Total
Forward - 60:00
Defense - 60:00
|
% Time on Ice - Bruins
Lines # - Real PCT - Wanted PCT - Time Play
Normal Forward
1 - 33% - 40% - 17:53
2 - 32% - 30% - 17:03
3 - 24% - 20% - 12:59
4 - 11% - 10% - 5:53
Normal Defense
1 - 37% - 40% - 19:55
2 - 33% - 30% - 17:40
3 - 23% - 20% - 12:20
4 - 7% - 10% - 3:53
PP Forward
1 - 60% - 60% - 2:28
2 - 40% - 40% - 1:37
PP Defense
1 - 61% - 60% - 2:29
2 - 39% - 40% - 1:36
PK Forward
1 - 81% - 60% - 1:43
2 - 19% - 40% - 0:24
PK Defense
1 - 53% - 60% - 1:07
2 - 47% - 40% - 1:00
PK3 Forward
1 - 0% - 60%
2 - 0% - 40%
PK3 Defense
1 - 0% - 60%
2 - 0% - 40%
44 Forward
1 - 0% - 60%
2 - 0% - 40%
44 Defense
1 - 0% - 60%
2 - 0% - 40%
Last Minute Offensive - 0:00
Last Minute Defensive - 0:00
Total
Forward - 60:00
Defense - 60:00
|
Play-by-Play
1st period
0:01 of 1st period - Jonathan Toews wins face-off versus Ryan Johansen in neutral zone.
0:34 of 1st period - Snap shot by Max Domi.
0:34 of 1st period - Deflect By Viktor Arvidsson.
0:34 of 1st period - Stopped by Keith Kinkaid with a rebound.
1:19 of 1st period - Snap shot by Sam Reinhart.
1:19 of 1st period - Shot Misses the Net.
1:29 of 1st period - Tyler Toffoli is hit by Jonathan Toews and loses puck.
1:36 of 1st period - Madison Bowey is hit by Alex Galchenyuk and loses puck.
1:49 of 1st period - Snap shot by Gabriel Landeskog.
1:49 of 1st period - Stopped by Jacob Markstrom without a rebound.
1:50 of 1st period - Tyler Seguin wins face-off versus Kevin Hayes in Jets zone.
2:26 of 1st period - Slapshot by Matt Read.
2:26 of 1st period - Shot Blocked by Ryan Murray.
3:52 of 1st period - Slapshot by Alexander Wennberg.
3:52 of 1st period - Shot Misses the Net.
3:54 of 1st period - Wrist shot by Jussi Jokinen.
3:54 of 1st period - Deflect By Alexander Wennberg.
3:54 of 1st period - Shot Misses the Net.
3:54 of 1st period - Puck is out of play.
3:55 of 1st period - Kevin Hayes wins face-off versus Tyler Toffoli in Bruins zone.
4:32 of 1st period - Snap shot by David Booth.
4:32 of 1st period - Shot Misses the Net.
4:57 of 1st period - Viktor Arvidsson is hit by Wojtek Wolski and loses puck.
5:18 of 1st period - Slapshot by Alexander Wennberg.
5:18 of 1st period - Shot Blocked by Madison Bowey.
6:40 of 1st period - Slapshot by Noel Acciari.
6:40 of 1st period - Shot Blocked by Alex Petrovic.
6:42 of 1st period - Slapshot by Dougie Hamilton.
6:42 of 1st period - Stopped by Keith Kinkaid without a rebound.
6:43 of 1st period - Tyler Seguin wins face-off versus Kevin Hayes in Bruins zone.
6:48 of 1st period - Wrist shot by Viktor Arvidsson.
6:48 of 1st period - Shot Misses the Net.
6:50 of 1st period - Slapshot by Dougie Hamilton.
6:50 of 1st period - Goal by Dougie Hamilton - Jets : 1 - Bruins : 0.
6:51 of 1st period - Jonathan Toews wins face-off versus Tyler Seguin in neutral zone.
6:56 of 1st period - Snap shot by Jonathan Toews.
6:56 of 1st period - Stopped by Jacob Markstrom with a rebound.
7:14 of 1st period - Minor Penalty to Zack Kassian for Hooking.
7:15 of 1st period - Mikael Backlund wins face-off versus Ryan Johansen in Bruins zone.
7:20 of 1st period - Ryan Johansen is hit by Wojtek Wolski and loses puck.
7:25 of 1st period - Snap shot by Wojtek Wolski.
7:25 of 1st period - Shot Blocked by Troy Stetcher.
7:51 of 1st period - Torey Krug is hit by Tyler Seguin and loses puck.
8:18 of 1st period - Casey Cizikas is hit by Viktor Arvidsson.
9:12 of 1st period - Alexander Wennberg is hit by Jonathan Toews.
9:14 of 1st period - Penalty to Zack Kassian is over, Zack Kassian is back on ice.
9:16 of 1st period - Jonathan Toews is hit by Brent Burns and loses puck.
10:01 of 1st period - Alexander Wennberg is hit by Kevin Hayes and loses puck.
10:23 of 1st period - Jonathan Toews is hit by Ryan Johansen and loses puck.
10:41 of 1st period - Off-side.
10:42 of 1st period - Casey Cizikas wins face-off versus Noel Acciari in neutral zone.
10:45 of 1st period - Wrist shot by Casey Cizikas.
10:45 of 1st period - Stopped by Jacob Markstrom with a rebound.
10:47 of 1st period - Snap shot by Alex Petrovic.
10:47 of 1st period - Stopped by Jacob Markstrom without a rebound.
10:48 of 1st period - Jonathan Toews wins face-off versus Tyler Seguin in Jets zone.
10:53 of 1st period - Wrist shot by Zack Kassian.
10:53 of 1st period - Shot Misses the Net.
10:57 of 1st period - Wrist shot by Zack Kassian.
10:57 of 1st period - Shot Misses the Net.
11:05 of 1st period - Wrist shot by Jonathan Toews.
11:05 of 1st period - Stopped by Jacob Markstrom without a rebound.
11:06 of 1st period - Ryan Johansen wins face-off versus Kevin Hayes in Jets zone.
11:27 of 1st period - Ryan Johansen is hit by Victor Oreskovich and loses puck.
11:40 of 1st period - Brendan Smith is hit by Ryan Murray and loses puck.
11:47 of 1st period - Gabriel Landeskog is hit by Ryan Johansen.
12:37 of 1st period - Wrist shot by Kevin Hayes.
12:37 of 1st period - Shot Hit the Post.
13:20 of 1st period - Slapshot by Tyler Toffoli.
13:20 of 1st period - Stopped by Keith Kinkaid without a rebound.
13:21 of 1st period - Tyler Seguin wins face-off versus Jonathan Toews in Bruins zone.
13:36 of 1st period - Wrist shot by Zack Kassian.
13:36 of 1st period - Stopped by Jacob Markstrom without a rebound.
13:37 of 1st period - Jonathan Toews wins face-off versus Alexander Wennberg in Jets zone.
13:48 of 1st period - Snap shot by Wojtek Wolski.
13:48 of 1st period - Shot Misses the Net.
13:50 of 1st period - Slapshot by Zack Kassian.
13:50 of 1st period - Shot Blocked by Anthony Mantha.
13:52 of 1st period - Snap shot by Jonathan Toews.
13:52 of 1st period - Shot Misses the Net.
15:33 of 1st period - Mikael Backlund is hit by Noel Acciari and loses puck.
16:24 of 1st period - Icing by Marco Scandella.
16:25 of 1st period - Alexander Wennberg wins face-off versus Mikael Backlund in Jets zone.
16:51 of 1st period - David Booth is hit by Frank Vatrano and loses puck.
17:04 of 1st period - Jason Demers is hit by Ryan Murray and loses puck.
18:05 of 1st period - Slapshot by Noel Acciari.
18:05 of 1st period - Shot Hit the Post.
19:27 of 1st period - Noel Acciari is hit by Alex Petrovic and loses puck.
19:40 of 1st period - Wojtek Wolski is hit by Alex Galchenyuk and loses puck.
Goals for this period are 1 for Jets vs 0 for Bruins.
Shots for this period are 4 for Jets vs 6 for Bruins.
2nd period
0:01 of 2nd period - Jonathan Toews wins face-off versus Viktor Arvidsson in neutral zone.
0:06 of 2nd period - Snap shot by Zack Kassian.
0:06 of 2nd period - Shot Misses the Net.
0:43 of 2nd period - Wrist shot by Jussi Jokinen.
0:43 of 2nd period - Shot Misses the Net.
0:45 of 2nd period - Slapshot by Anthony Mantha.
0:45 of 2nd period - Shot Blocked by Jason Demers.
0:47 of 2nd period - Backhand shot by Anthony Mantha.
0:47 of 2nd period - Shot Misses the Net.
0:49 of 2nd period - Slapshot by Marco Scandella.
0:49 of 2nd period - Deflect By Jussi Jokinen.
0:49 of 2nd period - Shot Blocked by Brendan Smith.
0:49 of 2nd period - Puck is out of play.
0:50 of 2nd period - Tyler Seguin wins face-off versus Kevin Hayes in Bruins zone.
1:07 of 2nd period - Slapshot by Kevin Hayes.
1:07 of 2nd period - Stopped by Jacob Markstrom without a rebound.
1:08 of 2nd period - Jonathan Toews wins face-off versus Tyler Toffoli in Jets zone.
1:17 of 2nd period - Snap shot by Alex Galchenyuk.
1:17 of 2nd period - Stopped by Keith Kinkaid with a rebound.
2:16 of 2nd period - Slapshot by Brendan Smith.
2:16 of 2nd period - Shot Blocked by Adam Larsson.
2:22 of 2nd period - Wrist shot by Noel Acciari.
2:22 of 2nd period - Shot Misses the Net.
2:24 of 2nd period - Slapshot by Adam Larsson.
2:24 of 2nd period - Deflect By Noel Acciari.
2:24 of 2nd period - Stopped by Keith Kinkaid without a rebound.
2:25 of 2nd period - Tyler Seguin wins face-off versus Casey Cizikas in Bruins zone.
2:26 of 2nd period - Slapshot by Viktor Arvidsson.
2:26 of 2nd period - Shot Blocked by Matt Read.
2:43 of 2nd period - Icing by Adam Larsson.
2:44 of 2nd period - Tyler Seguin wins face-off versus Jonathan Toews in Jets zone.
3:19 of 2nd period - Wrist shot by Matt Read.
3:19 of 2nd period - Shot Blocked by Tyler Seguin.
3:21 of 2nd period - Wrist shot by Casey Cizikas.
3:21 of 2nd period - Shot Misses the Net.
3:23 of 2nd period - Wrist shot by Brendan Smith.
3:23 of 2nd period - Deflect By Matt Read.
3:23 of 2nd period - Shot Misses the Net.
3:23 of 2nd period - Puck is out of play.
3:24 of 2nd period - Ryan Johansen wins face-off versus Casey Cizikas in Jets zone.
3:42 of 2nd period - Snap shot by Jason Demers.
3:42 of 2nd period - Stopped by Jacob Markstrom without a rebound.
3:43 of 2nd period - Alexander Wennberg wins face-off versus Jonathan Toews in Jets zone.
3:51 of 2nd period - Off-side.
3:52 of 2nd period - Alexander Wennberg wins face-off versus Jonathan Toews in neutral zone.
3:57 of 2nd period - Snap shot by Jussi Jokinen.
3:57 of 2nd period - Shot Blocked by Madison Bowey.
4:09 of 2nd period - Snap shot by Alexander Wennberg.
4:09 of 2nd period - Stopped by Keith Kinkaid with a rebound.
4:21 of 2nd period - Snap shot by Wojtek Wolski.
4:21 of 2nd period - Stopped by Jacob Markstrom without a rebound.
4:22 of 2nd period - Ryan Johansen wins face-off versus Kevin Hayes in Jets zone.
4:35 of 2nd period - Wrist shot by Tyler Toffoli.
4:35 of 2nd period - Stopped by Keith Kinkaid with a rebound.
4:37 of 2nd period - Snap shot by Alex Galchenyuk.
4:37 of 2nd period - Shot Misses the Net.
5:18 of 2nd period - Snap shot by Victor Oreskovich.
5:18 of 2nd period - Stopped by Jacob Markstrom without a rebound.
5:19 of 2nd period - Tyler Seguin wins face-off versus Jonathan Toews in Jets zone.
5:52 of 2nd period - Wrist shot by Matt Read.
5:52 of 2nd period - Stopped by Jacob Markstrom with a rebound.
5:54 of 2nd period - Slapshot by Josh Manson.
5:54 of 2nd period - Stopped by Jacob Markstrom without a rebound.
5:55 of 2nd period - Tyler Toffoli wins face-off versus Casey Cizikas in Jets zone.
6:06 of 2nd period - Wrist shot by Alex Galchenyuk.
6:06 of 2nd period - Stopped by Keith Kinkaid without a rebound.
6:07 of 2nd period - Tyler Seguin wins face-off versus Jonathan Toews in Bruins zone.
7:57 of 2nd period - Snap shot by Gabriel Landeskog.
7:57 of 2nd period - Stopped by Jacob Markstrom without a rebound.
7:58 of 2nd period - Jonathan Toews wins face-off versus Tyler Toffoli in Jets zone.
8:08 of 2nd period - Off-side.
8:09 of 2nd period - Tyler Seguin wins face-off versus Jonathan Toews in neutral zone.
8:13 of 2nd period - Minor Penalty to Brendan Smith for Tripping.
8:14 of 2nd period - Ryan Johansen wins face-off versus Zack Kassian in Bruins zone.
8:21 of 2nd period - Snap shot by Alex Galchenyuk.
8:21 of 2nd period - Goal by Alex Galchenyuk - Jets : 2 - Bruins : 0.
8:22 of 2nd period - Jonathan Toews wins face-off versus Viktor Arvidsson in neutral zone.
9:32 of 2nd period - Anthony Mantha is hit by Mikael Backlund and loses puck.
9:43 of 2nd period - Alex Petrovic is hit by Marco Scandella and loses puck.
10:00 of 2nd period - Snap shot by Casey Cizikas.
10:00 of 2nd period - Deflect By David Booth.
10:00 of 2nd period - Shot Blocked by Brent Burns.
10:00 of 2nd period - Puck is out of play.
10:01 of 2nd period - Max Domi wins face-off versus Jonathan Toews in Jets zone.
10:06 of 2nd period - Tyler Seguin is hit by Jonathan Toews and loses puck.
10:51 of 2nd period - Slapshot by Dougie Hamilton.
10:51 of 2nd period - Deflect By Alexander Wennberg.
10:51 of 2nd period - Shot Blocked by Madison Bowey.
10:51 of 2nd period - Puck is out of play.
10:52 of 2nd period - Alexander Wennberg wins face-off versus Jonathan Toews in Bruins zone.
11:17 of 2nd period - Matt Read is hit by Brent Burns and loses puck.
11:28 of 2nd period - Snap shot by Tyler Seguin.
11:28 of 2nd period - Stopped by Keith Kinkaid without a rebound.
11:29 of 2nd period - Ryan Johansen wins face-off versus Jonathan Toews in Bruins zone.
12:00 of 2nd period - Slapshot by Max Domi.
12:00 of 2nd period - Stopped by Keith Kinkaid without a rebound.
12:01 of 2nd period - Tyler Seguin wins face-off versus Kevin Hayes in Bruins zone.
12:04 of 2nd period - Wrist shot by Max Domi.
12:04 of 2nd period - Stopped by Keith Kinkaid without a rebound.
12:05 of 2nd period - Kevin Hayes wins face-off versus Ryan Johansen in Bruins zone.
12:14 of 2nd period - Snap shot by Kevin Hayes.
12:14 of 2nd period - Shot Misses the Net.
12:18 of 2nd period - Wrist shot by Kevin Hayes.
12:18 of 2nd period - Shot Misses the Net.
12:38 of 2nd period - Wojtek Wolski is hit by Tyler Seguin and loses puck.
13:54 of 2nd period - Matt Read is hit by Adam Larsson and loses puck.
14:21 of 2nd period - Snap shot by Jonathan Toews.
14:21 of 2nd period - Stopped by Jacob Markstrom without a rebound.
14:22 of 2nd period - Zack Kassian wins face-off versus Ryan Johansen in Jets zone.
14:31 of 2nd period - Snap shot by Tyler Toffoli.
14:31 of 2nd period - Stopped by Keith Kinkaid with a rebound.
14:33 of 2nd period - Snap shot by Alex Galchenyuk.
14:33 of 2nd period - Stopped by Keith Kinkaid with a rebound.
14:35 of 2nd period - Snap shot by Ryan Johansen.
14:35 of 2nd period - Goal by Ryan Johansen - Jets : 3 - Bruins : 0.
14:36 of 2nd period - Jonathan Toews wins face-off versus Tyler Seguin in neutral zone.
14:41 of 2nd period - Wrist shot by Wojtek Wolski.
14:41 of 2nd period - Shot Blocked by Tyler Seguin.
14:43 of 2nd period - Slapshot by Jason Demers.
14:43 of 2nd period - Shot Misses the Net.
15:00 of 2nd period - Icing by Ryan Murray.
15:01 of 2nd period - Ryan Johansen wins face-off versus Kevin Hayes in Jets zone.
15:40 of 2nd period - Wrist shot by Zack Kassian.
15:40 of 2nd period - Goal by Zack Kassian - Jets : 3 - Bruins : 1.
15:41 of 2nd period - Jonathan Toews wins face-off versus Ryan Johansen in neutral zone.
15:47 of 2nd period - Off-side.
15:48 of 2nd period - Ryan Johansen wins face-off versus Jonathan Toews in neutral zone.
15:48 of 2nd period - Brent Burns is hit by Wojtek Wolski and loses puck.
15:53 of 2nd period - Backhand shot by Zack Kassian.
15:53 of 2nd period - Shot Blocked by Troy Stetcher.
15:55 of 2nd period - Slapshot by Brendan Smith.
15:55 of 2nd period - Stopped by Jacob Markstrom without a rebound.
15:56 of 2nd period - Jonathan Toews wins face-off versus Tyler Seguin in Jets zone.
15:59 of 2nd period - Slapshot by Wojtek Wolski.
15:59 of 2nd period - Stopped by Jacob Markstrom with a rebound.
16:01 of 2nd period - Wrist shot by Jonathan Toews.
16:01 of 2nd period - Deflect By Viktor Arvidsson.
16:01 of 2nd period - Shot Blocked by Dougie Hamilton.
16:01 of 2nd period - Puck is out of play.
16:02 of 2nd period - Jonathan Toews wins face-off versus Tyler Seguin in Jets zone.
16:09 of 2nd period - Snap shot by Wojtek Wolski.
16:09 of 2nd period - Shot Misses the Net.
16:11 of 2nd period - Snap shot by Wojtek Wolski.
16:11 of 2nd period - Stopped by Jacob Markstrom with a rebound.
16:28 of 2nd period - Off-side.
16:29 of 2nd period - Ryan Johansen wins face-off versus Casey Cizikas in neutral zone.
16:40 of 2nd period - Snap shot by Alex Galchenyuk.
16:40 of 2nd period - Stopped by Keith Kinkaid without a rebound.
16:41 of 2nd period - Ryan Johansen wins face-off versus Jonathan Toews in Bruins zone.
17:08 of 2nd period - Wrist shot by Gabriel Landeskog.
17:08 of 2nd period - Stopped by Jacob Markstrom with a rebound.
17:10 of 2nd period - Slapshot by Gabriel Landeskog.
17:10 of 2nd period - Shot Misses the Net.
17:48 of 2nd period - Casey Cizikas is hit by Frank Vatrano.
17:49 of 2nd period - Icing by Casey Cizikas.
17:50 of 2nd period - Frank Vatrano wins face-off versus Casey Cizikas in Bruins zone.
17:56 of 2nd period - Off-side.
17:57 of 2nd period - Jonathan Toews wins face-off versus Ryan Johansen in neutral zone.
19:10 of 2nd period - Wrist shot by Sam Reinhart.
19:10 of 2nd period - Stopped by Keith Kinkaid with a rebound.
19:32 of 2nd period - Taylor Beck is hit by Max Domi and loses puck.
19:40 of 2nd period - Slapshot by Troy Stetcher.
19:40 of 2nd period - Stopped by Keith Kinkaid with a rebound.
19:42 of 2nd period - Slapshot by Brent Burns.
19:42 of 2nd period - Deflect By Max Domi.
19:42 of 2nd period - Shot Misses the Net.
19:42 of 2nd period - Puck is out of play.
19:43 of 2nd period - Ryan Johansen wins face-off versus Kevin Hayes in Bruins zone.
19:44 of 2nd period - Slapshot by Tyler Toffoli.
19:44 of 2nd period - Goal by Tyler Toffoli - Jets : 4 - Bruins : 1.
19:45 of 2nd period - Ryan Johansen wins face-off versus Jonathan Toews in neutral zone.
19:56 of 2nd period - Wojtek Wolski is hit by Ryan Johansen and loses puck.
Goals for this period are 3 for Jets vs 1 for Bruins.
Shots for this period are 16 for Jets vs 13 for Bruins.
3rd period
0:01 of 3rd period - Jonathan Toews wins face-off versus Ryan Johansen in neutral zone.
0:04 of 3rd period - Snap shot by Zack Kassian.
0:04 of 3rd period - Shot Misses the Net.
0:06 of 3rd period - Slapshot by Jason Demers.
0:06 of 3rd period - Deflect By Wojtek Wolski.
0:06 of 3rd period - Stopped by Jacob Markstrom with a rebound.
0:49 of 3rd period - Snap shot by Mikael Backlund.
0:49 of 3rd period - Shot Misses the Net.
0:51 of 3rd period - Snap shot by Josh Manson.
0:51 of 3rd period - Deflect By Marco Scandella.
0:51 of 3rd period - Stopped by Jacob Markstrom with a rebound.
2:11 of 3rd period - Jonathan Toews is hit by Noel Acciari and loses puck.
2:16 of 3rd period - Wrist shot by Sam Reinhart.
2:16 of 3rd period - Shot Blocked by Brendan Smith.
2:18 of 3rd period - Slapshot by Frank Vatrano.
2:18 of 3rd period - Shot Misses the Net.
2:30 of 3rd period - Snap shot by Wojtek Wolski.
2:30 of 3rd period - Shot Blocked by Dougie Hamilton.
2:32 of 3rd period - Snap shot by Wojtek Wolski.
2:32 of 3rd period - Shot Misses the Net.
2:34 of 3rd period - Slapshot by Jason Demers.
2:34 of 3rd period - Stopped by Jacob Markstrom without a rebound.
2:35 of 3rd period - Kevin Hayes wins face-off versus Alexander Wennberg in Jets zone.
2:58 of 3rd period - Minor Penalty to Jussi Jokinen for Holding.
2:59 of 3rd period - Tyler Seguin wins face-off versus Jonathan Toews in Jets zone.
3:37 of 3rd period - Wrist shot by Jonathan Toews.
3:37 of 3rd period - Shot Blocked by Ryan Murray.
3:39 of 3rd period - Wrist shot by Wojtek Wolski.
3:39 of 3rd period - Shot Blocked by Tyler Seguin.
3:45 of 3rd period - Wrist shot by Wojtek Wolski.
3:45 of 3rd period - Shot Misses the Net.
3:47 of 3rd period - Snap shot by Brendan Smith.
3:47 of 3rd period - Shot Misses the Net.
3:49 of 3rd period - Slapshot by Brendan Smith.
3:49 of 3rd period - Shot Misses the Net.
3:51 of 3rd period - Slapshot by Jason Demers.
3:51 of 3rd period - Stopped by Jacob Markstrom with a rebound.
3:53 of 3rd period - Backhand shot by Zack Kassian.
3:53 of 3rd period - Shot Misses the Net.
3:55 of 3rd period - Slapshot by Brendan Smith.
3:55 of 3rd period - Stopped by Jacob Markstrom without a rebound.
3:56 of 3rd period - Kevin Hayes wins face-off versus Noel Acciari in Jets zone.
4:58 of 3rd period - Penalty to Jussi Jokinen is over, Jussi Jokinen is back on ice.
4:58 of 3rd period - Adam Larsson is hit by Brendan Smith and loses puck.
5:04 of 3rd period - Icing by Adam Larsson.
5:05 of 3rd period - Casey Cizikas wins face-off versus Ryan Johansen in Jets zone.
6:51 of 3rd period - Off-side.
6:52 of 3rd period - Casey Cizikas wins face-off versus Tyler Seguin in neutral zone.
7:01 of 3rd period - Wrist shot by Matt Read.
7:01 of 3rd period - Stopped by Jacob Markstrom without a rebound.
7:02 of 3rd period - Tyler Seguin wins face-off versus Casey Cizikas in Jets zone.
7:15 of 3rd period - Jason Demers is hit by Tyler Seguin.
7:41 of 3rd period - Snap shot by Viktor Arvidsson.
7:41 of 3rd period - Shot Misses the Net.
7:43 of 3rd period - Slapshot by Adam Larsson.
7:43 of 3rd period - Deflect By Jason Demers.
7:43 of 3rd period - Stopped by Keith Kinkaid without a rebound.
7:44 of 3rd period - Tyler Toffoli wins face-off versus Jonathan Toews in Bruins zone.
7:47 of 3rd period - Slapshot by Troy Stetcher.
7:47 of 3rd period - Deflect By Tyler Toffoli.
7:47 of 3rd period - Stopped by Keith Kinkaid with a rebound.
7:59 of 3rd period - Alex Galchenyuk is hit by Wojtek Wolski and loses puck.
8:25 of 3rd period - Minor Penalty to Brent Burns for High sticking.
8:26 of 3rd period - Jonathan Toews wins face-off versus Tyler Seguin in Jets zone.
8:28 of 3rd period - Snap shot by Zack Kassian.
8:28 of 3rd period - Stopped by Jacob Markstrom without a rebound.
8:29 of 3rd period - Tyler Seguin wins face-off versus Jonathan Toews in Jets zone.
9:04 of 3rd period - Jason Demers is hit by Anthony Mantha and loses puck.
10:25 of 3rd period - Penalty to Brent Burns is over, Brent Burns is back on ice.
10:48 of 3rd period - Snap shot by Noel Acciari.
10:48 of 3rd period - Shot Misses the Net.
10:50 of 3rd period - Slapshot by Ryan Murray.
10:50 of 3rd period - Stopped by Keith Kinkaid with a rebound.
10:52 of 3rd period - Slapshot by Noel Acciari.
10:52 of 3rd period - Stopped by Keith Kinkaid with a rebound.
10:54 of 3rd period - Slapshot by Frank Vatrano.
10:54 of 3rd period - Stopped by Keith Kinkaid with a rebound.
10:56 of 3rd period - Slapshot by Ryan Murray.
10:56 of 3rd period - Deflect By Alex Petrovic.
10:56 of 3rd period - Stopped by Keith Kinkaid with a rebound.
10:58 of 3rd period - Snap shot by Frank Vatrano.
10:58 of 3rd period - Shot Misses the Net.
11:00 of 3rd period - Snap shot by Frank Vatrano.
11:00 of 3rd period - Deflect By Matt Read.
11:00 of 3rd period - Stopped by Keith Kinkaid with a rebound.
11:02 of 3rd period - Slapshot by Ryan Murray.
11:02 of 3rd period - Stopped by Keith Kinkaid without a rebound.
11:03 of 3rd period - Mikael Backlund wins face-off versus Ryan Johansen in Bruins zone.
11:17 of 3rd period - Brent Burns is hit by Jason Demers and loses puck.
11:28 of 3rd period - Jason Demers is hit by Troy Stetcher and loses puck.
11:47 of 3rd period - Slapshot by Jonathan Toews.
11:47 of 3rd period - Deflect By Wojtek Wolski.
11:47 of 3rd period - Stopped by Jacob Markstrom without a rebound.
11:48 of 3rd period - Jonathan Toews wins face-off versus Alexander Wennberg in Jets zone.
11:49 of 3rd period - Snap shot by Zack Kassian.
11:49 of 3rd period - Shot Misses the Net.
11:59 of 3rd period - Wrist shot by Zack Kassian.
11:59 of 3rd period - Stopped by Jacob Markstrom without a rebound.
12:00 of 3rd period - Kevin Hayes wins face-off versus Ryan Johansen in Jets zone.
12:26 of 3rd period - Jason Demers is hit by Marco Scandella and loses puck.
13:13 of 3rd period - Snap shot by Gabriel Landeskog.
13:13 of 3rd period - Shot Misses the Net.
13:15 of 3rd period - Wrist shot by Victor Oreskovich.
13:15 of 3rd period - Stopped by Jacob Markstrom with a rebound.
13:17 of 3rd period - Wrist shot by Gabriel Landeskog.
13:17 of 3rd period - Shot Misses the Net.
13:19 of 3rd period - Slapshot by Madison Bowey.
13:19 of 3rd period - Goal by Madison Bowey - Jets : 4 - Bruins : 2.
13:20 of 3rd period - Ryan Johansen wins face-off versus Jonathan Toews in neutral zone.
13:55 of 3rd period - Wrist shot by Tyler Seguin.
13:55 of 3rd period - Stopped by Keith Kinkaid with a rebound.
14:59 of 3rd period - Wrist shot by Casey Cizikas.
14:59 of 3rd period - Stopped by Jacob Markstrom without a rebound.
15:00 of 3rd period - Ryan Johansen wins face-off versus Casey Cizikas in Jets zone.
15:17 of 3rd period - Slapshot by Alex Galchenyuk.
15:17 of 3rd period - Stopped by Keith Kinkaid with a rebound.
15:27 of 3rd period - Jussi Jokinen is hit by Wojtek Wolski and loses puck.
16:31 of 3rd period - Slapshot by Troy Stetcher.
16:31 of 3rd period - Shot Misses the Net.
16:39 of 3rd period - Wrist shot by Casey Cizikas.
16:39 of 3rd period - Stopped by Jacob Markstrom without a rebound.
16:40 of 3rd period - Jonathan Toews wins face-off versus Ryan Johansen in Jets zone.
17:09 of 3rd period - Jason Demers is hit by Alexander Wennberg and loses puck.
17:18 of 3rd period - Slapshot by Jason Demers.
17:18 of 3rd period - Stopped by Jacob Markstrom with a rebound.
17:33 of 3rd period - Slapshot by Anthony Mantha.
17:33 of 3rd period - Goal by Anthony Mantha - Jets : 5 - Bruins : 2.
17:34 of 3rd period - Tyler Seguin wins face-off versus Jonathan Toews in neutral zone.
17:43 of 3rd period - Snap shot by Viktor Arvidsson.
17:43 of 3rd period - Shot Blocked by Jason Demers.
17:49 of 3rd period - Snap shot by Viktor Arvidsson.
17:49 of 3rd period - Stopped by Keith Kinkaid with a rebound.
17:58 of 3rd period - Icing by Zack Kassian.
17:59 of 3rd period - Kevin Hayes wins face-off versus Ryan Johansen in Bruins zone.
18:27 of 3rd period - Slapshot by Zack Kassian.
18:27 of 3rd period - Stopped by Jacob Markstrom with a rebound.
18:29 of 3rd period - Slapshot by Jason Demers.
18:29 of 3rd period - Shot Misses the Net.
18:31 of 3rd period - Snap shot by Zack Kassian.
18:31 of 3rd period - Stopped by Jacob Markstrom without a rebound.
18:32 of 3rd period - Jonathan Toews wins face-off versus Tyler Seguin in Jets zone.
18:48 of 3rd period - Snap shot by Tyler Seguin.
18:48 of 3rd period - Stopped by Keith Kinkaid with a rebound.
18:58 of 3rd period - Zack Kassian is hit by Alexander Wennberg and loses puck.
19:13 of 3rd period - Jonathan Toews is hit by Alexander Wennberg and loses puck.
19:31 of 3rd period - Icing by Gabriel Landeskog.
19:32 of 3rd period - Max Domi wins face-off versus Kevin Hayes in Bruins zone.
19:33 of 3rd period - Snap shot by Viktor Arvidsson.
19:33 of 3rd period - Shot Hit the Post.
19:52 of 3rd period - Minor Penalty to Troy Stetcher for Hooking.
19:53 of 3rd period - Tyler Seguin wins face-off versus Jonathan Toews in Jets zone.
Goals for this period are 1 for Jets vs 1 for Bruins.
Shots for this period are 13 for Jets vs 16 for Bruins.
Output by the SimonT Hockey Simulator (STHS) for Francois Prevost